 Dungeon Crawl Stone Soup version 0.18-a0-1655-ge2d8d33 (webtiles) character file.

1047 Chiseanne the Skirmisher (level 8, 0/67 HPs)
             Began as a Demonspawn Monk on Mar 30, 2016.
             Was an Initiate of Gozag.
             Slain by a gnoll
             ... wielding a +0 spear of distortion
              (18 damage)
             ... on level 7 of the Dungeon.
             The game lasted 00:20:17 (7342 turns).

Chiseanne the Skirmisher (Demonspawn Monk)          Turns: 7342, Time: 00:20:17

Health: 0/67       AC: 11    Str: 13    XL:     8   Next: 5%
Magic:  8/8        EV: 15    Int: 13    God:    Gozag
Gold:   301        SH:  0    Dex: 15    Spells: 0 memorised, 7 levels left

rFire  . . .     SeeInvis .       - Unarmed
rCold  + . .     Gourm    .     h - +2 robe {MR+}
rNeg   + . .     Faith    .     (no shield)
rPois  .         Spirit   .     f - +1 helmet
rElec  .         Dismiss  .     q - +1 cloak
rCorr  .         Reflect  .     (no gloves)
SustAt .         Harm     .     (no boots)
MR     +....                    (no amulet)
Stlth  +++.......               v - ring of positive energy
                                C - ring of stealth

@: gold aura, somewhat resistant to hostile enchantments, fairly stealthy
A: hooves 1, icy blue scales 2, cold resistance 1, powered by pain 1
a: Potion Petition, Call Merchant, Bribe Branch, Renounce Religion


You were on level 7 of the Dungeon.
You worshipped Gozag.
Gozag was noncommittal.
You were not hungry.

You visited 2 branches of the dungeon, and saw 8 of its levels.
You also visited: Ossuary.

You collected 301 gold pieces.

Inventory:

Hand Weapons
 n - a +0 morningstar
 D - a +0 great sword
Missiles
 d - 12 sling bullets of flame
 t - 85 arrows
 u - 19 arrows of frost
 x - 29 bolts
 y - 37 sling bullets
 z - 16 poisoned needles
 A - 10 tomahawks (quivered)
Armour
 f - a +1 helmet (worn)
 h - a +2 robe of magic resistance (worn)
 q - a +1 cloak (worn)
Jewellery
 o - a +2 ring of intelligence
 s - an uncursed ring of fire
 v - a ring of positive energy (right hand)
 C - a ring of stealth (left hand)
Wands
 i - a wand of random effects (0/48)
Scrolls
 e - 4 scrolls of remove curse
 g - 5 scrolls of blinking
 p - 2 scrolls of recharging
 r - a scroll of enchant armour
Potions
 a - a potion of might
 c - a potion of magic
 j - a potion of flight {unknown}
 k - a potion of haste {unknown}
 m - a potion of curing
 B - a potion of cancellation
Books
 l - a Necronomicon

   Spells                             Type                      Level
   a - Haunt                          Necromancy/Summoning         7
   b - Borgnjor's Revivification      Necromancy                   8
   c - Death's Door                   Charms/Necromancy            8
   d - Necromutation                  Transmutation/Necromancy     8
Comestibles
 b - 3 bread rations
 w - 2 meat rations


   Skills:
 * Level 7.4 Fighting
 * Level 6.5 Dodging
 - Level 1.7 Stealth
 - Level 3.6 Unarmed Combat


You had 7 spell levels left.
You didn't know any spells.

Dungeon Overview and Level Annotations

Branches:
Dungeon (7/15)             Temple (1/1) D:6

Altars:
Elyvilon
Gozag
Makhleb
Nemelex Xobeh
Pakellas
Qazlal
Sif Muna
Trog
Vehumet
Yredelemnul
The Shining One


Innate Abilities, Weirdness & Mutations

You have large cloven feet.
You are mostly covered in icy blue scales (AC +3, EV -1).
Your flesh is cold resistant.
You sometimes gain a little power by taking damage.


Message History

The gnoll barely misses you. The gnoll completely misses you.
The gnoll hits you with a spear of distortion!
You feel strangely unstable.
You hit the gnoll. You kick the gnoll, but do no damage.
The gnoll is severely wounded.
The gnoll closely misses you. The gnoll misses you.
The gnoll hits you but does no damage.
You feel strangely stable.
You hit the gnoll but do no damage.
The gnoll is severely wounded.
The gnoll barely misses you. The gnoll closely misses you.
You hit the gnoll but do no damage.
The gnoll is severely wounded.
The gnoll hits you but does no damage. Space warps horribly around you!
* * * LOW HITPOINT WARNING * * *
The gnoll hits you but does no damage.
You punch the gnoll!
You kill the gnoll!
The gnoll hits you but does no damage. Space warps horribly around you!
You die...
Your body crumbles into a pile of gold.

###### ##### .#
.....# #...# .#
.....### #.#.###.#
......<#####.#.....#
...................#
...................#
.....#.#####.###'#.#
######'## #.# #.#
........# #.# #@#
........# #.##g$g.#
........# #.##..###
........# #.##..#
<.......# #.##..#
######'## #.##..#
#.# #..#
######.#####. #..#
..............


You could see 2 gnolls.

Vanquished Creatures
  Purgy (D:3)
  A black bear (D:6)
  A phantom (D:5)
  A giant frog (D:6)
  2 scorpions
  A giant frog zombie (D:5)
  A hound (D:5)
  3 orc wizards
  An iron imp (D:3)
  Jessica (D:2)
  Terence (D:2)
  4 worker ants
  A mummy (D:6)
  A hound skeleton (D:3)
  Robin (D:2)
  2 gnolls (D:7)
  7 adders
  A shadow imp (D:6)
  3 oozes
  5 worms
  2 dart slugs
  6 giant geckos
  22 orcs
  5 giant cockroaches
  17 goblins
  6 hobgoblins
  10 jackals
  2 quokkas
  2 ball pythons (D:2)
  5 bats
  3 giant newts
  7 kobolds
  6 rats
132 creatures vanquished.

Notes
Turn   | Place    | Note
--------------------------------------------------------------
     0 | D:1      | Chiseanne the Demonspawn Monk began the quest for the Orb.
     0 | D:1      | Reached XP level 1. HP: 18/18 MP: 1/1
   116 | D:1      | Gained mutation: You sometimes gain a little power by taking damage. [demonic ancestry]
   116 | D:1      | Reached XP level 2. HP: 21/24 MP: 2/2
   779 | D:2      | Noticed Terence
   842 | D:2      | Killed Terence
   842 | D:2      | Reached skill level 4 in Fighting
   842 | D:2      | Gained mutation: You have large cloven feet. [demonic ancestry]
   842 | D:2      | Reached XP level 3. HP: 6/30 MP: 3/3
  1175 | D:2      | Noticed Robin
  1202 | D:2      | Killed Robin
  1202 | D:2      | Reached XP level 4. HP: 11/37 MP: 4/4
  1492 | D:2      | Noticed Jessica
  1505 | D:2      | Killed Jessica
  1879 | D:2      | Gained mutation: You are partially covered in icy blue scales (AC +1). [demonic ancestry]
  1879 | D:2      | Reached XP level 5. HP: 40/43 MP: 5/5
  1959 | D:2      | Found a deep blue altar of Sif Muna.
  2687 | D:3      | Reached skill level 5 in Fighting
  3191 | D:3      | Noticed Grinder
  3227 | D:3      | Noticed Purgy
  3248 | D:3      | Killed Purgy
  3248 | D:3      | Gained mutation: Your flesh is cold resistant. [demonic ancestry]
  3248 | D:3      | Reached XP level 6. HP: 51/51 MP: 6/6
  3377 | D:3      | Noticed Grinder
  3377 | D:3      | Grinder changed into Grinder the iron imp
  3582 | D:3      | Killed Grinder the iron imp
  3896 | D:4      | Reached skill level 6 in Fighting
  4059 | D:4      | Reached skill level 5 in Dodging
  4432 | D:5      | Entered Level 5 of the Dungeon
  4709 | D:5      | Found a burning altar of Makhleb.
  4825 | D:5      | Gained mutation: You are mostly covered in icy blue scales (AC +3, EV -1). [demonic ancestry]
  4825 | D:5      | Reached XP level 7. HP: 15/58 MP: 7/7
  5556 | D:5      | Found a sparkling altar of Nemelex Xobeh.
  5632 | D:5      | Found a bloodstained altar of Trog.
  6403 | D:6      | Reached skill level 7 in Fighting
  6422 | D:6      | Found a staircase to the Ecumenical Temple.
  6432 | Temple   | Entered the Ecumenical Temple
  6479 | Temple   | Became a worshipper of Gozag Ym Sagoz the Greedy
  6511 | D:6      | Found a sand-covered staircase.
  6520 | Ossuary  | Entered an ossuary
  6527 | Ossuary  | HP: 3/60 [mummy (12)]
  7071 | D:7      | Found a stormy altar of Qazlal.
  7198 | D:7      | Reached XP level 8. HP: 63/67 MP: 8/8
  7342 | D:7      | Slain by a gnoll

Vault maps used:
D:1:      grunt_arrival_crossed_arrows
D:2:      marbit_many_paths, serial_park_tiny_1, uniq_terence, uniq_jessica,
          uniq_robin
D:3:      st_stairs_2, uniq_purgy, uniq_grinder
D:5:      nemelex_deck, kennysheep_mini, lemuel_round_altar, first_bread,
          hangedman_decor_lopped
D:6:      lemuel_castle_with_subvaults, nicolae_ru_awakened_eye,
          nicolae_dithmenos_through_a_glass_darkly,
          minmay_temple_entry_junction, lightli_ossuary_entry_decrepit_ruins,
          portal_sewer_entry_b, tso_altar
D:7:      old_standard_altar, okawaru_altar_gauntlet_db
Temple:   circular_temple_6
Ossuary:  ossuary_the_hunt_dpeg

Skill      XL: |  1  2  3  4  5  6  7 |
---------------+----------------------+-----
Dodging        | 3 4 5 6 |  6.5
Fighting       | 4 5 6 7 |  7.4
Stealth        | |  1.7
Unarmed Combat | |  3.6

Action                   |  1- 3 |  4- 6 |  7- 9 || total
-------------------------+-------+-------+-------++-------
Melee: Unarmed           |   133 |   450 |   298 ||   881
Evoke: Wand              |       |     5 |     2 ||     7
  Use: Scroll            |     5 |     9 |     5 ||    19
       Potion            |     1 |     3 |     3 ||     7
 Stab: Sleeping          |       |     6 |     3 ||     9
       Distracted        |       |       |     1 ||     1
  Eat: Chunk             |     1 |    10 |     2 ||    13
       Beef jerky        |       |     1 |       ||     1
       Bread ration      |       |       |     2 ||     2
